 Dungeon Crawl Stone Soup version 0.27.0-1-g7a089689b8 (webtiles) character file.

Game seed: 2237496104695512040

87 canonizer the Skirmisher (level 4, -3/30 HPs)
             Began as a Gargoyle Berserker on Aug 12, 2021.
             Was a Follower of Trog.
             Slain by a gnoll (7 damage)
             ... on level 2 of the Dungeon.
             The game lasted 00:02:38 (1857 turns).

canonizer the Skirmisher (Gargoyle Berserker)       Turns: 1857, Time: 00:02:39

Health: -3/30      AC: 15    Str: 21    XL:     4   Next: 51%
Magic:  4/4        EV:  6    Int:  8    God:    Trog [*.....]
Gold:   103        SH:  0    Dex:  9    Spells: 3/3 levels left

rFire    . . .     SeeInvis .   a - +0 hand axe
rCold    . . .     Faith    .   (no shield)
rNeg     + . .     Spirit   .   f - +0 plate armour
rPois    ∞         Reflect  .   (no helmet)
rElec    +         Harm     .   h - +0 cloak
rCorr    .         Rampage  .   (no gloves)
Will     ++...                  (no boots)
Stlth    ..........             (no amulet)
HPRegen  1.10/turn              (no ring)
MPRegen  0.09/turn              (no ring)

@: strong-willed, on berserk cooldown, regenerating, slowed, very slow
A: sickness immunity, AC +3, negative energy resistance 1, electricity
resistance, torment resistance 1, petrification resistance
a: Renounce Religion, Berserk


You were on level 2 of the Dungeon.
You worshipped Trog.
Trog was aware of your devotion.
You visited 1 branch of the dungeon, and saw 2 of its levels.

You collected 103 gold pieces.

Inventory:

Hand Weapons
 a - a +0 hand axe (weapon)
Armour
 f - a +0 plate armour (worn)
 h - a +0 cloak (worn)
Jewellery
 g - an amulet of guardian spirit
Scrolls
 e - a scroll of immolation {unknown}
Potions
 b - a potion of curing {unknown}
 c - a potion of lignification {unknown}
 d - a potion of resistance {unknown}


   Skills:
 + Level 4.3 Fighting
 + Level 3.6 Axes
 + Level 2.8 Armour
 + Level 1.6 Dodging


You had 3 spell levels left.
You didn't know any spells.
Your spell library was empty.

Dungeon Overview and Level Annotations

Branches:
Dungeon (2/15)

Altars:


Innate Abilities, Weirdness & Mutations

You are immune to sickness and miasma.
Your stone body is resilient. (AC +3)
You are immune to poison.
You resist negative energy. (rN+)
You are resistant to electric shocks. (rElec)
You are resistant to unholy torment.
You are immune to petrification.


Message History

You hit the fungus.
A nearby fungus withers and dies.
The gnoll hits you but does no damage.
You closely miss the gnoll.
The gnoll is almost dead.
The gnoll barely misses you.
Your plate armour prevents you from hitting the gnoll.
The gnoll is almost dead.
The gnoll hits you but does no damage. x2
Your plate armour prevents you from hitting the gnoll.
The gnoll is almost dead.
The gnoll hits you but does no damage.
The gnoll hits you from afar with a +0 halberd.
You slash the gnoll!
You kill the gnoll!
Trog accepts your kill.
You can now call upon Trog for regeneration and willpower.
The gnoll hits you from afar with a +0 spear.
You are no longer berserk.
You are exhausted.
You feel yourself slow down. The gnoll barely misses you.
The gnoll hits you but does no damage.
Items here: )) ††.
Unknown command.
Okay, then.
Your skin crawls.
You feel strong-willed.
You can no longer call upon Trog for regeneration and willpower.
The gnoll hits you with a +0 halberd. The gnoll hits you but does no damage.
The gnoll closely misses you.
The gnoll hits you but does no damage. x2
The gnoll hits you from afar with a +0 spear.
The gnoll barely misses you.
The gnoll hits you from afar with a +0 halberd!
The gnoll hits you from afar with a +0 spear!
* * * LOW HITPOINT WARNING * * *
The gnoll hits you from afar with a +0 halberd.
* * * LOW HITPOINT WARNING * * *
The gnoll closely misses you.
The gnoll hits you from afar with a +0 halberd!
You die...

...# #....##.#.#+#####
...###.......#...# #####
...+.#....#############...#
...#.#................†.#.#
...#.##.##.########.....#.#
...#.##.##..........##.####
...#..#.....#.#.##..####P##
....[..........>.#..###..P#
.[......###.....@###P#P...#
........#
#..###.##P.#.≈P[♣#
...g....#
#....gg##.#..≈≈._#
........#
##.##..##.##.PP.♣#
.....g..#
#.##.....P#P...###
........##
#.##....####..P#.#
.....).g.#
#.##..)##..##P##.#
.......#.# ##.#<...####..#
.......#.# #..........).#


You could see 2 gnolls.

Vanquished Creatures
  2 gnolls (D:2)
  2 adders (D:2)
  A dart slug (D:2)
  5 ball pythons (D:1)
  3 endoplasms
  A giant cockroach (D:1)
  4 goblins (D:2)
  6 hobgoblins
  9 jackals
  2 kobolds (D:1)
  A quokka (D:2)
  2 bats
  A frilled lizard (D:2)
  3 rats (D:2)
42 creatures vanquished.

Vanquished Creatures (others)
  A fungus (D:2)
1 creature vanquished.

Grand Total: 43 creatures vanquished

Notes
Turn   | Place    | Note
-------+----------+-------------------------------------------
     0 | D:1      | canonizer the Gargoyle Berserker began the quest for the
                  | Orb.
     0 | D:1      | Reached XP level 1. HP: 14/14 MP: 1/1
   337 | D:1      | Reached XP level 2. HP: 19/19 MP: 2/2
  1039 | D:2      | Reached XP level 3. HP: 20/24 MP: 3/3
  1047 | D:2      | Reached skill level 4 in Fighting
  1344 | D:2      | Reached XP level 4. HP: 26/29 MP: 4/4
  1344 | D:2      | Reached ** piety under Trog
  1815 | D:2      | Found a faded altar of an unknown god.
  1855 | D:2      | HP: 1/30 [gnoll (6)]
  1857 | D:2      | Slain by a gnoll

Illustrated notes

Levels and vault maps discovered:
D:1:      dpeg_arrival_solitude, layout_loops_ring, patterned_corridor
D:2:      layout_basic, dreamdust_ecumenical_altar_hidden_monk_grotto,
          hangedman_decor_clover_reticule

Skill      XL: |  1  2  3 |
---------------+----------+-----
Axes           | 3 |  3.6
Fighting       | 4 |  4.3
Armour         | |  2.8
Dodging        | |  1.6

Action                   |  1- 3 |  4- 6 || total
-------------------------+-------+-------++-------
Melee: Hand axe          |   112 |    32 ||   144
Invok: Trog's Hand       |       |     2 ||     2
       Berserk           |       |     1 ||     1
Armor: Animal skin       |     6 |       ||     6
       Plate armour      |   101 |    30 ||   131
Dodge: Dodged            |    65 |    13 ||    78
